 Dungeon Crawl Stone Soup version 0.25-a0-426-g7d9e569eea (webtiles) character file.

Game seed: 10777166929819526967, levelgen mode: deterministic

207 Kohma the Firebug (level 5, -3/38 HPs)
             Began as a Draconian Fire Elementalist on Jan 25, 2020.
             Killed from afar by an orc wizard (6 damage)
             ... with a magic dart
             ... on level 2 of the Dungeon.
             The game lasted 00:06:58 (1685 turns).

Kohma the Firebug (Draconian Fire Elementalist)     Turns: 1685, Time: 00:06:59

Health: -3/38      AC:  5    Str: 11    XL:     5   Next: 54%
Magic:  0/9        EV: 12    Int: 16    God:
Gold:   146        SH:  0    Dex: 11    Spells: 6/10 levels left

rFire    . . .     SeeInvis .   c - +0 dagger
rCold    . . .     Gourm    .   (no shield)
rNeg     . . .     Faith    .   (armour unavailable)
rPois    .         Spirit   .   (helmet restricted)
rElec    .         Reflect  .   (no cloak)
rCorr    .         Harm     .   (no gloves)
MR       .....                  (no boots)
Stlth    ++........             (no amulet)
HPRegen  0.12/turn              (no ring)
MPRegen  0.11/turn              (no ring)

@: no status effects
A: unfitting armour, cold-blooded, AC +5
a: no special abilities


You were on level 2 of the Dungeon.
You were not hungry.

You visited 1 branch of the dungeon, and saw 2 of its levels.

You collected 146 gold pieces.

Inventory:

Hand Weapons
 c - a +0 dagger (weapon)
Missiles
 d - 22 sling bullets
 k - 9 poisoned darts (quivered)
Jewellery
 g - an uncursed ring of resist corrosion {unknown}
 j - a +3 ring of dexterity {unknown}
Scrolls
 e - 3 scrolls of remove curse {unknown}
 f - 2 scrolls of fear {unknown}
 i - a scroll of random uselessness {unknown}
 p - a scroll of fog {unknown}
Potions
 h - a potion of curing {unknown}
 l - a potion of resistance {unknown}
 m - 2 potions of heal wounds {unknown}
 n - 2 potions of lignification {unknown}
 o - a potion of magic {unknown}
Comestibles
 a - 3 chunks of flesh
 b - a ration


   Skills:
 - Level 1.7 Dodging
 - Level 1.7 Stealth
 - Level 3.1 Spellcasting
 + Level 2.8 Conjurations
 * Level 4.9 Fire Magic


You had 6 spell levels left.
You knew the following spells:

 Your Spells              Type           Power        Failure   Level  Hunger
a - Foxfire               Conj/Fire      ##..         3%          1    None
b - Conjure Flame         Conj/Fire      ##......     11%         3    ###....

Your spell library contained the following spells:

 Spells                   Type           Power        Failure   Level  Hunger
 Inner Flame              Hex/Fire       ##......     21%         3    ###....
 Sticky Flame             Conj/Fire      ##......     36%         4    ####...
 Fireball                 Conj/Fire      ##........   71%         5    ######.


Dungeon Overview and Level Annotations

Branches:
Dungeon (2/15)

Altars:


Innate Abilities, Weirdness & Mutations

Your plain brown scales are hard. (AC +5)
You cannot fit into any form of body armour.
You are cold-blooded and may be slowed by cold attacks.


Message History

* * * LOW HITPOINT WARNING * * *
You see here a scroll labeled NUFULO PEDOMY.
p - a scroll labeled NUFULO PEDOMY You kill the orc warrior!
Training target 3.0 for Spellcasting reached!
Your Spellcasting skill increases to level 3!
You have reached level 5!
A magic dart appears from out of thin air!
The magic dart hits something.
Casting: Foxfire (safe; 3% risk of failure)
Confirm with . or Enter, or press ? or * to list all spells.
The fire begins to smolder!
Something hits you.
* * * LOW HITPOINT WARNING * * *
Something hits you.
* * * LOW HITPOINT WARNING * * *
Something smothers the flame.
You hear some strange, mumbled words.
A magic dart appears from out of thin air!
The magic dart hits you.
You die...

#.# #.# #.# #.#
#.# #.#
#.##############
#.# #.#
#...@....o.....#
#.# #.#
#############.##
###.# #.# #.#
..#.###.# #.#
#.....#.# #.#
###.#.#.#########
#o#
..#..<..........#
#.#
#.#####.#######.#
#.# #.# #.# #.#


You could see an orc.

Vanquished Creatures
  An orc warrior (D:2)
  An orc wizard (D:2)
  3 adders (D:2)
  An ooze (D:1)
  A worm (D:2)
  A dart slug (D:1)
  2 leopard geckos (D:1)
  3 giant cockroaches (D:1)
  4 goblins
  8 hobgoblins
  3 jackals (D:2)
  A ball python (D:1)
  3 bats
  A frilled lizard (D:2)
  6 kobolds
  3 rats (D:1)
42 creatures vanquished.

Vanquished Creatures (others)
  86 foxfires
86 creatures vanquished.

Grand Total: 128 creatures vanquished

Notes
Turn   | Place    | Note
-------+----------+-------------------------------------------
     0 | D:1      | Kohma the Draconian Fire Elementalist began the quest for
                  | the Orb.
     0 | D:1      | Reached XP level 1. HP: 14/14 MP: 3/3
   156 | D:1      | Reached XP level 2. HP: 20/20 MP: 1/5
   573 | D:1      | Reached XP level 3. HP: 26/26 MP: 2/6
   578 | D:1      | Learned a level 3 spell: Conjure Flame
  1320 | D:2      | Reached skill level 4 in Fire Magic
  1384 | D:2      | Reached XP level 4. HP: 30/33 MP: 4/7
  1619 | D:2      | Noticed an orc warrior
  1681 | D:2      | Killed an orc warrior
  1681 | D:2      | Reached XP level 5. HP: 6/38 MP: 3/9
  1685 | D:2      | Killed from afar by an orc wizard

Levels and vault maps discovered:
D:1:      shiori_arrival_elements, layout_rooms, serial_corexii_hall,
          chequers_hall_statues_corner_a, corexii_hall_statues_i,
          corexii_hall_statues_l, minmay_cut_off
D:2:      layout_basic

Skill      XL: |  1  2  3  4 |
---------------+-------------+-----
Conjurations   | 2 |  2.8
Fire Magic     | 4 |  4.9
Spellcasting   | 3 |  3.1
Dodging        | |  1.7
Stealth        | |  1.7

Action                   |  1- 3 |  4- 6 || total
-------------------------+-------+-------++-------
Melee: Dagger            |    34 |     8 ||    42
       Unarmed           |     1 |       ||     1
       Tailslap          |     2 |     1 ||     3
Throw: Dart              |       |     8 ||     8
 Cast: Foxfire           |    45 |     9 ||    54
       Conjure Flame     |     1 |     2 ||     3
  Eat: Chunk             |     2 |     1 ||     3
Armor: Skin              |    13 |     1 ||    14
Dodge: Dodged            |    28 |     4 ||    32

Table legend:
 A = Non-vault XP
 B = Vault XP
 C = Vault XP percentage of total XP
 D = Non-vault monster count
 E = Vault monster count
 F = Vault count percentage of total count
                 A         B        C        D         E       F
            +---------+---------+-------+---------+---------+-------
      Total |     281 |      15 |   5.1 |      38 |       4 |   9.5
            +---------+---------+-------+---------+---------+-------
        D:1 |      38 |      15 |  28.3 |      22 |       4 |  15.4
        D:2 |     243 |       0 |   0.0 |      16 |       0 |   0.0
            +---------+---------+-------+---------+---------+-------
